 Dungeon Crawl Stone Soup version 0.23-a0-171-g5ae17c6 (webtiles) character file.

157 grindst0ne the Skirmisher (level 5, -2/50 HPs)
             Began as a Naga Warper on Sept 12, 2018.
             Slain by an iguana (12 damage)
             ... on level 4 of the Dungeon.
             The game lasted 00:04:46 (2983 turns).

grindst0ne the Skirmisher (Naga Warper)             Turns: 2983, Time: 00:04:47

Health: -2/50      AC:  7    Str: 13    XL:     5   Next: 38%
Magic:  8/8        EV:  9    Int: 14    God:
Gold:   172        SH:  0    Dex: 11    Spells: 8/8 levels left

rFire    . . .     SeeInvis +   a - +0 mace
rCold    . . .     Gourm    .   (no shield)
rNeg     . . .     Faith    .   b - +0 leather armour
rPois    +         Spirit   .   q - +2 helmet
rElec    .         Reflect  .   (no cloak)
rCorr    .         Harm     .   i - +0 pair of gloves
MR       .....                  (no barding)
Stlth    ..........             (no amulet)
HPRegen  0.16/turn              h - ring of attention (curse)
MPRegen  0.11/turn              (no ring)

@: short of breath, very slow
A: large, see invisible, deformed body, poison resistance, slowness 2, slow
metabolism 1, spit poison 1, AC +1
a: Spit Poison


You were on level 4 of the Dungeon.
You were hungry.

You visited 1 branch of the dungeon, and saw 4 of its levels.

You collected 172 gold pieces.

Inventory:

Hand Weapons
 a - a +0 mace (weapon)
Missiles
 e - 5 tomahawks of dispersal (quivered)
Armour
 b - a +0 leather armour (worn)
 g - a +0 ring mail
 i - a +0 pair of gloves (worn)
 k - a +0 chain mail
 q - a +2 helmet (worn)
Jewellery
 h - a cursed ring of attention (left hand)
Scrolls
 c - 2 scrolls of fear
 d - 3 scrolls of blinking
 j - 2 scrolls of fog
 l - 2 scrolls of identify
 n - a scroll of amnesia
 p - 3 scrolls of teleportation
Potions
 m - 2 potions of haste
 o - a potion of heal wounds
 r - a potion of flight
Comestibles
 f - 6 rations


   Skills:
 + Level 4.0 Fighting
 + Level 4.0 Maces & Flails
 - Level 0.8 Throwing
 - Level 0.7 Armour
 - Level 1.5 Dodging
 - Level 2.0 Spellcasting
   Level 3.0 Translocations


You had 8 spell levels left.
You didn't know any spells.
Your spell library contained the following spells:

 Spells                   Type           Power        Failure   Level  Hunger
 Blink                    Tloc           N/A          13%         2    ###....
 Shroud of Golubria       Chrm/Tloc      #.........   24%         2    ###....
 Gell's Gravitas          Tloc           #.........   26%         3    ####...
 Lesser Beckoning         Tloc           #.........   26%         3    ####...
 Teleport Other           Tloc           #.......     26%         3    ####...
 Passage of Golubria      Tloc           N/A          65%         4    #####..


Dungeon Overview and Level Annotations

Branches:
Dungeon (4/15)
 Temple: D:4-7

Altars:
Fedhas
Kikubaaqudgha
Yredelemnul

Annotations:
D:2 1 runed door


Innate Abilities, Weirdness & Mutations

You cannot wear boots.
Your serpentine skin is tough. (AC +1)
You have supernaturally acute eyesight. (SInv)
Armour fits poorly on your strangely shaped body.
Your system is resistant to poisons. (rPois)
You cover ground very slowly.
You have a slow metabolism.
You can spit poison.


Message History

You hit the iguana but do no damage.
The iguana is lightly wounded.
The iguana hisses menacingly.
The iguana closely misses you.
The quokka bites you but does no damage.
You barely miss the quokka. The quokka closely misses you.
The iguana bites you!
You barely miss the quokka. The quokka bites you. The iguana bites you!
The quokka barely misses you. The iguana bites you!
* * * LOW HITPOINT WARNING * * *
The quokka barely misses you.
Press: ? - help, Shift-Dir - straight line, f - iguana
Aim: an iguana (lightly wounded)
The splash of poison hits the iguana.
The iguana appears unharmed.
The iguana is lightly wounded.
You feel slightly more hungry. The quokka bites you.
* * * LOW HITPOINT WARNING * * *
The iguana bites you!
You die...

....# #)#.##......####
....####.#.))..........
.........#####........#
<...#....# #.........
....#....# ##..####.#
....###### #.......#
....# #..###### ....#
#...# ##### #.@.#
...#.rl######
.............#
................
...............##
####...........#
#.....).....#
#..........##
#..........#


You could see an iguana and a quokka.

Vanquished Creatures
  An iguana (D:2)
  Robin (D:4)
  5 adders
  3 dart slugs
  A leopard gecko (D:3)
  2 orcs
  7 bats
  3 giant cockroaches
  8 goblins
  9 hobgoblins
  A quokka (D:3)
  A ball python (D:1)
  4 frilled lizards
  A jackal skeleton (D:2)
  9 kobolds
  A kobold skeleton (D:2)
  A leopard gecko skeleton (D:4)
  8 rats
66 creatures vanquished.

Notes
Turn   | Place    | Note
-------+----------+-------------------------------------------
     0 | D:1      | grindst0ne the Naga Warper began the quest for the Orb.
     0 | D:1      | Reached XP level 1. HP: 19/19 MP: 3/3
     6 | D:1      | Noticed a killer bee
     6 | D:1      | Noticed a wyvern
     6 | D:1      | Noticed a swamp worm
     7 | D:1      | Noticed a komodo dragon
     7 | D:1      | Noticed a water moccasin
   137 | D:1      | Reached XP level 2. HP: 20/27 MP: 5/5
   600 | D:1      | Reached XP level 3. HP: 32/33 MP: 6/6
  1033 | D:2      | Found a runed door.
  1033 | D:2      | Noticed a human
  1038 | D:2      | Found a basalt altar of Yredelemnul.
  1058 | D:2      | Found a blossoming altar of Fedhas.
  1058 | D:2      | Found an ancient bone altar of Kikubaaqudgha.
  1107 | D:2      | Reached XP level 4. HP: 6/42 MP: 7/7
  2107 | D:3      | Found a faded altar of an unknown god.
  2275 | D:3      | Reached XP level 5. HP: 37/50 MP: 8/8
  2822 | D:4      | Noticed Robin
  2840 | D:4      | Killed Robin
  2983 | D:4      | Slain by an iguana

Vault maps used:
D:1:      onia_arrival_zoo_common, hangedman_decor_push, roderic_roman_lattice
D:2:      grunt_temple_overflow_growth_and_decay, dk_yredelemnul_ordeal
D:3:      chequers_ecumenical_altar_simple_redux
D:4:      hex_intersection, item_on_display_a, uniq_robin

Skill      XL: |  1  2  3  4  5 |
---------------+----------------+-----
Fighting       | 3 4 |  4.0
Maces & Flails | 3 4 |  4.0
Throwing       | |  0.8
Armour         | |  0.7
Dodging        | |  1.5
Spellcasting   | |  2.0
Translocations | |  3.0

Action                   |  1- 3 |  4- 6 || total
-------------------------+-------+-------++-------
Melee: Mace              |    97 |   122 ||   219
 Abil: Spit Poison       |     3 |     7 ||    10
  Use: Potion            |     3 |       ||     3
       Scroll            |       |     6 ||     6
  Eat: Chunk             |       |     5 ||     5
Armor: Leather armour    |    39 |    45 ||    84
       Ring mail         |     5 |       ||     5
Dodge: Dodged            |    83 |    71 ||   154

Table legend:
 A = Non-vault XP
 B = Vault XP
 C = Vault XP percentage of total XP
 D = Non-vault monster count
 E = Vault monster count
 F = Vault count percentage of total count
                 A         B        C        D         E       F
            +---------+---------+-------+---------+---------+-------
      Total |     192 |      33 |  14.7 |      55 |      11 |  16.7
            +---------+---------+-------+---------+---------+-------
        D:1 |      35 |       0 |   0.0 |      23 |       0 |   0.0
        D:2 |      79 |       2 |   2.5 |      17 |       2 |  10.5
        D:3 |      74 |       0 |   0.0 |      13 |       0 |   0.0
        D:4 |       4 |      31 |  88.6 |       2 |       9 |  81.8
            +---------+---------+-------+---------+---------+-------
